 Dungeon Crawl Stone Soup version 0.18-a0-1179-g120c792 (webtiles) character file.

130 Mysteryquy the Skirmisher (level 4, -3/37 HPs)
             Began as a Demonspawn Fighter on Jan 27, 2016.
             Slain by Eustachio
             ... wielding a +0 rapier
              (4 damage)
             ... on level 4 of the Dungeon.
             The game lasted 00:06:23 (3036 turns).

Mysteryquy the Skirmisher (Demonspawn Fighter)      Turns: 3036, Time: 00:06:23

Health: -3/37      AC:  9    Str: 17    XL:     4   Next: 90%
Magic:  4/4        EV: 12    Int: 10    God:
Gold:   161        SH:  4    Dex: 12    Spells: 0 memorised, 3 levels left

rFire  . . .     SeeInvis .     a - +0 flail
rCold  . . .     Gourm    .     b - +0 scale mail
rNeg   . . .     Faith    .     l - +0 buckler
rPois  .         Spirit   .     j - +0 helmet
rElec  .         Dismiss  .     (no cloak)
rCorr  .         Reflect  .     n - +0 pair of gloves
SustAt .         Harm     .     (no boots)
MR     .....                    (no amulet)
Stlth  ..........               (no ring)
                                (no ring)

@: not resistant to hostile enchantments, extremely unstealthy
A: hooves 1, repulsion field 2
a: no special abilities


You were on level 4 of the Dungeon.
You were not hungry.

You visited 1 branch of the dungeon, and saw 4 of its levels.

You collected 161 gold pieces.

Inventory:

Hand Weapons
 a - a +0 flail (weapon)
Armour
 b - a +0 scale mail (worn)
 c - a +0 shield
 j - a +0 helmet (worn)
 l - a +0 buckler (worn)
 n - a +0 pair of gloves (worn)
Jewellery
 o - an uncursed ring of protection from cold {unknown}
 s - an uncursed ring of protection from magic {unknown}
Scrolls
 e - a scroll of blinking {unknown}
 g - 2 scrolls of identify {unknown}
 k - 2 scrolls of enchant weapon {unknown}
 p - a scroll of fog {unknown}
 t - a scroll of noise {unknown}
 y - a scroll of random uselessness {unknown}
Potions
 d - a potion of might
 h - a potion of curing {unknown}
 i - 2 potions of agility {unknown}
 m - a potion of invisibility {unknown}
 r - a potion of heal wounds {unknown}
 u - a potion of haste {unknown}
 v - a potion of brilliance {unknown}
 w - a potion of cure mutation {unknown}
Comestibles
 f - 2 bread rations
 q - a slice of pizza


   Skills:
 + Level 3.7 Fighting
 + Level 2.5 Maces & Flails
 + Level 3.4 Armour
 + Level 1.5 Dodging
 + Level 3.1 Shields


You had 3 spell levels left.
You didn't know any spells.

Dungeon Overview and Level Annotations

Branches:
Dungeon (4/15)
 Temple: D:4-7

Altars:
Cheibriados
Qazlal

Annotations:
D:4 Eustachio


Innate Abilities, Weirdness & Mutations

You have large cloven feet.
You are surrounded by a moderate repulsion field (EV +3).


Message History

Eustachio casts a spell.
Eustachio blinks!
The river rat bites you but does no damage.
The shadow imp gestures at you. Pain shoots through your body!
* * * LOW HITPOINT WARNING * * *
The crimson imp closely misses you.
Unknown command.
The bat hits you but does no damage. x2; The bat hits you.
* * * LOW HITPOINT WARNING * * *
You block the shadow imp's attack.
The crimson imp blinks!
The bat hits you but does no damage.
You are too injured to fight recklessly!
Unknown command.
You block the bat's attack. The bat misses you.
The bat hits you but does no damage. x2
You are too injured to fight recklessly!
The bat closely misses you. The bat misses you.
The bat hits you but does no damage. Eustachio hits you with a rapier.
You die...

.... ..# .# #....
.....##.# .# #####
.....##.##.#
..)........# #
#...รท.<.##### #
#.##.......... #
#.##.##.##.##.# #
#####@b........# .# #
#...b@.#####.#.##.####
#...r5b# #.....(...b
#..#...# #..........
#...5..# #.[........
#......#####.....#####
######..........## #
########.### # #.# #
#.# #


You could see Eustachio, a crimson imp, a river rat, a shadow imp and 3 bats.

Vanquished Creatures
  7 adders
  An adder skeleton (D:4)
  A worm (D:2)
  A giant gecko (D:1)
  4 orcs (D:4)
  2 ball pythons
  3 giant cockroaches
  5 goblins (D:2)
  8 hobgoblins
  2 quokkas
  7 bats
  2 giant newts
  9 kobolds
  9 rats
61 creatures vanquished.

Notes
Turn   | Place    | Note
--------------------------------------------------------------
     0 | D:1      | Mysteryquy the Demonspawn Fighter began the quest for the Orb.
     0 | D:1      | Reached XP level 1. HP: 18/18 MP: 1/1
   210 | D:1      | Gained mutation: You are surrounded by a mild repulsion field (EV +2). [demonic ancestry]
   210 | D:1      | Reached XP level 2. HP: 17/24 MP: 2/2
   947 | D:2      | Gained mutation: You have large cloven feet. [demonic ancestry]
   947 | D:2      | Reached XP level 3. HP: 29/29 MP: 3/3
   953 | D:2      | Found a snail-covered altar of Cheibriados.
  1039 | D:2      | Found a stormy altar of Qazlal.
  1532 | D:3      | Gained mutation: You are surrounded by a moderate repulsion field (EV +3). [demonic ancestry]
  1532 | D:3      | Reached XP level 4. HP: 24/35 MP: 4/4
  1606 | D:3      | Reached skill level 1 in Dodging
  2604 | D:4      | Noticed Eustachio
  3034 | D:4      | HP: 1/37 [bat[Eustachio] (1)]
  3036 | D:4      | Slain by Eustachio

Vault maps used:
D:1:      dpeg_arrival_pits, minmay_misc_feat_roman, kennysheep_another_room
D:2:      marbit_many_paths, grunt_qazlal_clouds
D:3:      corexii_leaking_fountain
D:4:      portal_sewer_entry_d, amalloy_card_club, uniq_eustachio

Action                   |  1- 3 |  4- 6 || total
-------------------------+-------+-------++-------
Melee: Flail             |   159 |   146 ||   305
  Eat: Chunk             |     2 |     5 ||     7
